 Dungeon Crawl Stone Soup version 0.29.1-2-gbd0b4ee654 (webtiles) character file.

Game seed: 13398471466424785983

2599 GorkyZ the Trooper (level 9, -1/68 HPs)
             Began as a Demonspawn Fighter on Nov 23, 2022.
             Slain by a wight
             ... wielding a +3 trident
              (7 damage)
             ... on level 8 of the Dungeon.
             The game lasted 00:19:47 (6837 turns).

GorkyZ the Trooper (Demonspawn Fighter)             Turns: 6837, Time: 00:19:48

Health: -1/68      AC: 11    Str: 21    XL:     9   Next: 33%
Magic:  9/9        EV: 13    Int: 10    God:
Gold:   367        SH:  0    Dex: 12    Spells: 8/8 levels left

rFire   . . .      SeeInvis .   y - +4 hand axe
rCold   . . .      Faith    .   o - orb {light}
rNeg    . . .      Spirit   .   m - +0 steam dragon scales
rPois   .          Reflect  .   (no helmet)
rElec   .          Harm     .   I - +0 cloak
rCorr   .          Rampage  .   e - +0 pair of gloves
Will    .....                   r - +0 pair of boots
Stlth   +.........              (no amulet)
HPRegen 0.21/turn               (no ring)
MPRegen 0.11/turn               (no ring)

@: glowing
A: claws 1, molten scales 1, powered by pain 1, spiny 1
a: no special abilities


You were on level 8 of the Dungeon.
You visited 2 branches of the dungeon, and saw 9 of its levels.

You collected 367 gold pieces.

Inventory:

Hand Weapons
 a - a +0 war axe
 h - a +1 dagger of speed
 y - a +4 hand axe (weapon)
Missiles
 i - 5 javelins
 p - 28 poisoned darts
 u - 6 silver boomerangs
 A - 14 boomerangs (quivered)
 J - a throwing net
Armour
 b - a +0 scale mail
 c - a +0 buckler
 e - a +0 pair of gloves (worn)
 f - a +1 chain mail
 m - +0 steam dragon scales (worn)
 o - an orb of light (worn)
 q - the +1 robe of Blue Amelioration {Rampage Regen+}
   (You found it on level 2 of the Dungeon)

   Regen:     It increases your rate of health regeneration.
   Rampage:   It bestows one free step when moving towards enemies.
 r - a +0 pair of boots (worn)
 E - a +0 kite shield
 I - a +0 cloak (worn)
Jewellery
 F - a ring of ice
Wands
 k - a wand of charming (8)
 D - a wand of flame (10)
 H - a wand of polymorph (10)
Scrolls
 j - 2 scrolls of enchant armour
 l - a scroll of teleportation
 n - 4 scrolls of torment
 s - a scroll of magic mapping
 G - 2 scrolls of noise
 K - a scroll of fog
 L - a scroll of poison {unknown}
Potions
 d - 2 potions of might
 g - 5 potions of haste
 t - 2 potions of heal wounds
 v - 2 potions of magic
 w - 8 potions of curing
 x - 4 potions of brilliance
 z - a potion of attraction
 B - 2 potions of berserk rage
 C - a potion of degeneration


   Skills:
 + Level 5.5 Fighting
 * Level 5.0 Axes
 + Level 4.1 Throwing
 + Level 5.1 Armour
 + Level 4.0 Dodging
 + Level 5.1 Shields
 + Level 4.4 Evocations


You had 8 spell levels left.
You didn't know any spells.
Your spell library contained the following spells:

 Spells                   Type           Power      Damage    Failure   Level
 Magic Dart               Conj           0%         1d3       36%         1
 Searing Ray              Conj           0%         2d4       50%         2
 Fulminant Prism          Conj/Hex       0%         3d6       98%         4
 Iskenderun's Mystic Bla  Conj/Tloc      0%         2d3       98%         4
 Lee's Rapid Deconstruct  Erth           0%         3d5*      100%        5


Dungeon Overview and Level Annotations

Branches:
Dungeon (8/15)             Temple (1/1) D:6
   Lair: D:8-11

Altars:
Ashenzari
Cheibriados
Dithmenos
Fedhas
Hepliaklqana
Kikubaaqudgha
Makhleb
Nemelex Xobeh
Okawaru
Qazlal
Ru
Sif Muna
Trog
Uskayaw
Vehumet
Wu Jian
Xom
Yredelemnul

Annotations:
D:6 3 runed translucent doors, predelnik's ghost, novice HOMo


Innate Abilities, Weirdness & Mutations

You have sharp fingernails.
You are partially covered in molten scales. (AC +2)
You sometimes gain a little power by taking damage.
You are partially covered in sharp spines.


Message History

You feel drained.
You are too injured to fight recklessly!
You are too injured to fight recklessly!
You are too injured to fight recklessly!
You are too injured to fight recklessly!
You are too injured to fight recklessly!
You are too injured to fight recklessly!
You hit the centaur.
The centaur is severely wounded.
You hit the wight. You barely miss the wight. The centaur barely misses you.
The centaur kicks you but does no damage.
The wight is struck by your spines.
You destroy the wight!
The wight closely misses you. The wight misses you.
The centaur barely misses you.
The centaur kicks you but does no damage.
Your Dodging skill increases to level 4!
You slash the centaur!
You kill the centaur!
You hit the wight but do no damage. The wight hits you but does no damage.
The wight is struck by your spines.
The wight hits you with a +1 great sword!
* * * LOW HITPOINT WARNING * * *
Your life force feels restored.
The wight hits you but does no damage. The wight barely misses you.
You see here a +0 shortbow.
You barely miss the wight. You hit the wight.
The wight hits you with a +3 trident.
* * * LOW HITPOINT WARNING * * *
You feel drained.
The wight hits you with a +1 great sword.
* * * LOW HITPOINT WARNING * * *
You hit the wight but do no damage. You hit the wight.
You destroy the wight!
The wight hits you with a +3 trident.
* * * LOW HITPOINT WARNING * * *
Your life force feels restored.
Your Axes skill increases to level 5!
You hit the wight but do no damage. The wight hits you with a +3 trident!
You die...

...#####..####.########
#..####.# #.......#
#.####### #.# #.#
######.#######
#......)......
......#@)######
.#.##..z.# # #.....#
#....## ###..# #..#
#..# ...#


You could see a wight.

Vanquished Creatures
  Grinder (D:3)
  A steam dragon (D:7)
  A water moccasin (D:7)
  An ice beast (D:6)
  A sky beast (D:7)
  A black bear (D:5)
  A centaur (D:8)
  A phantom (D:5)
  2 kobold brigands
  A bullfrog (D:7)
  A gnoll sergeant (D:7)
  4 scorpions
  2 wights (D:8)
  5 killer bees (D:8)
  A howler monkey (D:6)
  4 hounds
  A jelly (D:7)
  4 orc priests
  Jessica (D:3)
  2 gnoll boudas
  2 iguanas
  Terence (D:3)
  2 orc wizards
  8 adders
  18 gnolls
  A shadow imp (D:6)
  A white imp (D:6)
  A dart slug (D:1)
  33 orcs
  2 endoplasms
  2 giant cockroaches (D:2)
  7 goblins
  8 hobgoblins
  22 kobolds
  4 quokkas
  6 ball pythons
  5 bats
  4 frilled lizards
  5 rats
168 creatures vanquished.

Notes
Turn   | Place    | Note
-------+----------+-------------------------------------------
     0 | D:1      | GorkyZ the Demonspawn Fighter began the quest for the Orb.
     0 | D:1      | Reached XP level 1. HP: 18/18 MP: 1/1
   216 | D:1      | Gained mutation: You have sharp fingernails. [demonic
                  | ancestry]
   216 | D:1      | Reached XP level 2. HP: 24/24 MP: 2/2
   300 | D:1      | Found a faded altar of an unknown god.
   757 | D:2      | Identified the +1 robe of Blue Amelioration {Rampage
                  | Regen+}
   779 | D:2      | Gained mutation: You are partially covered in sharp spines.
                  | [demonic ancestry]
   779 | D:2      | Reached XP level 3. HP: 27/29 MP: 3/3
   798 | D:2      | Found an iron altar of Okawaru.
   834 | D:2      | Reached skill level 1 in Evocations
  1299 | D:3      | Gained mutation: You are partially covered in molten
                  | scales. (AC +2) [demonic ancestry]
  1299 | D:3      | Reached XP level 4. HP: 31/35 MP: 4/4
  1326 | D:3      | Noticed Terence
  1332 | D:3      | Killed Terence
  1333 | D:3      | Reached skill level 1 in Throwing
  1333 | D:3      | Reached skill level 1 in Dodging
  1364 | D:3      | Noticed Jessica
  1373 | D:3      | Killed Jessica
  1374 | D:3      | Reached XP level 5. HP: 38/41 MP: 5/5
  1558 | D:3      | Noticed Grinder
  1564 | D:3      | Killed Grinder
  1565 | D:3      | Gained mutation: You sometimes gain a little power by
                  | taking damage. [demonic ancestry]
  1565 | D:3      | Reached XP level 6. HP: 34/48 MP: 6/6
  2091 | D:4      | Reached XP level 7. HP: 53/54 MP: 7/7
  2568 | D:5      | Entered Level 5 of the Dungeon
  3554 | D:6      | Found a staircase to the Ecumenical Temple.
  3599 | Temple   | Entered the Ecumenical Temple
  4037 | D:6      | Reached XP level 8. HP: 61/61 MP: 8/8
  4403 | D:6      | Found a runed translucent gate.
  4403 | D:6      | Found a runed translucent gate.
  4403 | D:6      | Found a runed translucent gate.
  4407 | D:6      | Noticed predelnik's ghost (novice HOMo)
  5408 | D:7      | Reached skill level 5 in Fighting
  5443 | D:7      | HP: 3/62 [gnoll/+0 flail[a gnoll sergeant] (1)]
  6077 | D:7      | Reached XP level 9. HP: 64/68 MP: 9/9
  6587 | D:8      | Reached skill level 5 in Armour
  6595 | D:8      | Reached skill level 5 in Shields
  6837 | D:8      | Reached skill level 5 in Axes
  6837 | D:8      | Slain by a wight

Illustrated notes

Levels and vault maps discovered:
D:1:      lemuel_arrival_room, layout_basic, hellmonk_ecumenical_altar_run_dry
D:2:      layout_basic, basic_altar
D:3:      layout_loops_cross, uniq_jessica, uniq_terence, uniq_grinder
D:4:      layout_loops_ring
D:5:      layout_basic
D:6:      layout_loops_corners, minmay_temple_entry_waves,
          gammafunk_ghost_necromancy
D:7:      layout_cave_pods
D:8:      layout_loops_corners, uniq_maggie
Temple:   roderic_octagonal_lattice_temple

Skill      XL: |  1  2  3  4  5  6  7  8  9 |
---------------+----------------------------+-----
Axes           | 2 3 4 5 |  5.0
Shields        | 3 4 5 |  5.1
Evocations     | 1 2 3 4 |  4.4
Armour         | 3 4 5 |  5.1
Throwing       | 1 2 3 4 |  4.1
Dodging        | 1 2 3 4 |  4.0
Fighting       | 4 5 |  5.5

Action                   |  1- 3 |  4- 6 |  7- 9 || total
-------------------------+-------+-------+-------++-------
Melee: Dagger            |   113 |       |       ||   113
       War axe           |    20 |    46 |       ||    66
       Hand axe          |       |    23 |   220 ||   243
Throw: Boomerang         |       |       |     4 ||     4
  Use: Scroll            |       |       |    18 ||    18
Armor: Chain mail        |    53 |       |    77 ||   130
       Scale mail        |     3 |       |       ||     3
       Robe              |     8 |    17 |    21 ||    46
       Steam dragon scal |       |       |    24 ||    24
Dodge: Dodged            |    31 |    35 |   130 ||   196
Block: Buckler           |    22 |       |       ||    22
